| TOP OF THE 1ST |
|
Milwaukee (NYP) Brewers batting - Pitching for Auburn Doubledays : RHP Josh Jenkins
|
|
Pitching: RHP Josh Jenkins
|
|
|
Batting: SHB Aaron Neill
|
0-0: Ball 1-0: Ball 2-0: Ball 3-0: Base on Balls
|
|
Batting: LHB Tyler Francis
|
0-0: Foul Ball, location: 2F 0-1: Ball 1-1: Ball Aaron Neill is caught stealing 2nd base 2-6 2-1: Ball 3-1: Foul Ball, location: 2F 3-2: SINGLE (Groundball, 4MS, EV 70.0 MPH) (infield hit)
|
|
Batting: SHB Justin Hensley
|
0-0: Ball 1-0: Fielders Choice at 2nd, 1-6 (Groundball, 34S, EV 68.1 MPH)
|
|
Batting: LHB Karel Hort
|
0-0: Ball 1-0: Called Strike 1-1: Foul Ball, location: 2F 1-2: Ball 2-2: Strikes out swinging
|
| Top of the 1st over - 0 runs, 1 hit, 0 errors, 1 left on base; Milwaukee (NYP) 0 - Auburn 0 |
| BOTTOM OF THE 1ST |
|
Auburn Doubledays batting - Pitching for Milwaukee (NYP) Brewers : RHP Jay Cowgill
|
|
Pitching: RHP Jay Cowgill
|
|
|
Batting: RHB John Savard
|
0-0: Ball 1-0: Called Strike 1-1: Swinging Strike 1-2: SINGLE (Flyball, 78S, EV 91.9 MPH)
|
|
Batting: RHB Antonio Vallez
|
0-0: Called Strike 0-1: Reached on error, E8 (Flyball, 8LXD, EV 78.1 MPH) John Savard to third
|
|
Batting: RHB Nick Moreno
|
0-0: Fly out, F8 (Line Drive, 8RS, EV 88.8 MPH) Runner from 3rd tags up, OUT at HOME! 8-2 Antonio Vallez to third
|
|
Batting: RHB Lamar Thornton
|
0-0: Ball 1-0: Called Strike 1-1: Ball 2-1: Ball 3-1: Foul Ball, location: 2F 3-2: Strikes out swinging
|
| Bottom of the 1st over - 0 runs, 1 hit, 1 error, 1 left on base; Milwaukee (NYP) 0 - Auburn 0 |
| TOP OF THE 2ND |
|
Milwaukee (NYP) Brewers batting - Pitching for Auburn Doubledays : RHP Josh Jenkins
|
|
Batting: LHB Greg Reedy
|
0-0: Ground out 3-1 (Groundball, 13, EV 78.1 MPH)
|
|
Batting: RHB Jose Cerritos
|
0-0: Swinging Strike 0-1: SINGLE (Groundball, 25, EV 64.4 MPH) (infield hit)
|
|
Batting: RHB Victor Alarcon
|
0-0: Ball Jose Cerritos is caught stealing 2nd base 2-4 1-0: Fly out, F6 (Popup, 15S, EV 89.4 MPH)
|
| Top of the 2nd over - 0 runs, 1 hit, 0 errors, 0 left on base; Milwaukee (NYP) 0 - Auburn 0 |
| BOTTOM OF THE 2ND |
|
Auburn Doubledays batting - Pitching for Milwaukee (NYP) Brewers : RHP Jay Cowgill
|
|
Batting: RHB Jim Towle
|
0-0: Ball 1-0: Ground out 5-3 (Groundball, 56, EV 81.2 MPH)
|
|
Batting: SHB Ed Thorpe Jr.
|
0-0: Ball 1-0: Ball 2-0: Ground out 4-3 (Groundball, 4, EV 96.9 MPH)
|
|
Batting: RHB Jelexiz Cuenca
|
0-0: Ball 1-0: Called Strike 1-1: Called Strike 1-2: Foul Ball, location: 2F 1-2: Ball 2-2: SINGLE (Groundball, 6MD, EV 105.0 MPH)
|
|
Batting: RHB Scott Skoglund
|
0-0: Fielders Choice at 2nd, 6-4 (Groundball, 6, EV 86.2 MPH)
|
| Bottom of the 2nd over - 0 runs, 1 hit, 0 errors, 1 left on base; Milwaukee (NYP) 0 - Auburn 0 |
| TOP OF THE 3RD |
|
Milwaukee (NYP) Brewers batting - Pitching for Auburn Doubledays : RHP Josh Jenkins
|
|
Batting: SHB Craig Wright
|
0-0: Ball 1-0: Ground out 4-3 (Groundball, 4M, EV 105.0 MPH)
|
|
Batting: RHB Wiliama Dana
|
0-0: Ball 1-0: Ball 2-0: Ball 3-0: Called Strike 3-1: Base on Balls
|
|
Batting: SHB Aaron Neill
|
0-0: Ball 1-0: Called Strike 1-1: Hit by Pitch Wiliama Dana to second
|
|
Batting: LHB Tyler Francis
|
0-0: Ball Wiliama Dana steals 3rd base (no throw) Aaron Neill to second 1-0: Swinging Strike 1-1: Swinging Strike 1-2: Ball 2-2: Strikes out swinging
|
|
Batting: SHB Justin Hensley
|
0-0: Called Strike 0-1: Foul Ball, location: 2F 0-2: Strikes out looking
|
| Top of the 3rd over - 0 runs, 0 hits, 0 errors, 2 left on base; Milwaukee (NYP) 0 - Auburn 0 |
| BOTTOM OF THE 3RD |
|
Auburn Doubledays batting - Pitching for Milwaukee (NYP) Brewers : RHP Jay Cowgill
|
|
Batting: RHB John Gibbs
|
0-0: Ball 1-0: Called Strike 1-1: Fly out, F4 (Line Drive, 4, EV 72.5 MPH)
|
|
Batting: RHB John Savard
|
0-0: Foul Ball, location: 2F 0-1: Ball 1-1: Ball 2-1: Foul Ball, location: 2F 2-2: Fly out, F8 (Flyball, 8RD, EV 94.4 MPH)
|
|
Batting: RHB Antonio Vallez
|
0-0: Called Strike 0-1: Ball 1-1: Foul Ball, location: 2F 1-2: Hit by Pitch
|
|
Batting: RHB Nick Moreno
|
0-0: Ball Antonio Vallez is caught stealing 2nd base 2-4
|
| Bottom of the 3rd over - 0 runs, 0 hits, 0 errors, 0 left on base; Milwaukee (NYP) 0 - Auburn 0 |
| TOP OF THE 4TH |
|
Milwaukee (NYP) Brewers batting - Pitching for Auburn Doubledays : RHP Josh Jenkins
|
|
Batting: LHB Karel Hort
|
0-0: Called Strike 0-1: SINGLE (Groundball, 4D, EV 96.9 MPH)
|
|
Batting: LHB Greg Reedy
|
0-0: Ball 1-0: Called Strike 1-1: Fly out, F8 (Line Drive, 8RD, EV 91.2 MPH)
|
|
Batting: RHB Jose Cerritos
|
0-0: Ball 1-0: DOUBLE (Flyball, 89D, EV 96.9 MPH) Karel Hort to third
|
|
Batting: RHB Victor Alarcon
|
0-0: Ball 1-0: Ball 2-0: Called Strike 2-1: SINGLE (Line Drive, 3D, EV 101.2 MPH) Karel Hort scores Jose Cerritos to third
|
|
Batting: SHB Craig Wright
|
0-0: Called Strike Victor Alarcon steals 2nd base 0-1: Ball 1-1: Ball 2-1: Ball 3-1: Foul Ball, location: 2F 3-2: Foul Ball, location: 2F 3-2: Base on Balls
|
|
Batting: RHB Wiliama Dana
|
0-0: Ball 1-0: Fly out, F8 (Flyball, 89S, EV 88.8 MPH)
|
|
Batting: SHB Aaron Neill
|
0-0: Swinging Strike 0-1: Foul Ball, location: 2F 0-2: Ball 1-2: Ball 2-2: Ball 3-2: Foul Ball, location: 2F 3-2: SINGLE (Groundball, 6M, EV 103.1 MPH) (infield hit) Jose Cerritos scores Victor Alarcon to third Craig Wright to second
|
|
Batting: LHB Tyler Francis
|
0-0: Called Strike 0-1: DOUBLE (Flyball, 8LXD, EV 100.6 MPH) Victor Alarcon scores Craig Wright scores Aaron Neill to third
|
|
Batting: SHB Justin Hensley
|
0-0: Called Strike 0-1: Called Strike 0-2: Ball 1-2: Ball 2-2: Ball 3-2: Base on Balls
|
|
Batting: LHB Karel Hort
|
0-0: Foul Ball, location: 2F 0-1: Swinging Strike 0-2: Ball 1-2: Strikes out swinging
|
| Top of the 4th over - 4 runs, 5 hits, 0 errors, 3 left on base; Milwaukee (NYP) 4 - Auburn 0 |
| BOTTOM OF THE 4TH |
|
Auburn Doubledays batting - Pitching for Milwaukee (NYP) Brewers : RHP Jay Cowgill
|
|
Batting: RHB Nick Moreno
|
0-0: Ball 1-0: Foul Ball, location: 2F 1-1: Swinging Strike 1-2: Strikes out swinging
|
|
Batting: RHB Lamar Thornton
|
0-0: Ball 1-0: Fly out, F8 (Flyball, 89M, EV 91.9 MPH)
|
|
Batting: RHB Jim Towle
|
0-0: Foul Ball, location: 2F 0-1: Ball 1-1: Ball 2-1: Foul Ball, location: 2F 2-2: Fly out, F9 (Line Drive, 9S, EV 96.2 MPH)
|
| Bottom of the 4th over - 0 runs, 0 hits, 0 errors, 0 left on base; Milwaukee (NYP) 4 - Auburn 0 |
| TOP OF THE 5TH |
|
Milwaukee (NYP) Brewers batting - Pitching for Auburn Doubledays : RHP Josh Jenkins
|
|
Batting: LHB Greg Reedy
|
0-0: Ball 1-0: Ball 2-0: Called Strike 2-1: Swinging Strike 2-2: Strikes out swinging
|
|
Pitching: RHP Sam Wood
|
|
|
Batting: RHB Jose Cerritos
|
0-0: Called Strike 0-1: Called Strike 0-2: Foul Ball, location: 2F 0-2: Strikes out swinging
|
|
Batting: RHB Victor Alarcon
|
0-0: Ball 1-0: Ball 2-0: Called Strike 2-1: Swinging Strike 2-2: Strikes out looking
|
| Top of the 5th over - 0 runs, 0 hits, 0 errors, 0 left on base; Milwaukee (NYP) 4 - Auburn 0 |
| BOTTOM OF THE 5TH |
|
Auburn Doubledays batting - Pitching for Milwaukee (NYP) Brewers : RHP Jay Cowgill
|
|
Batting: SHB Ed Thorpe Jr.
|
0-0: Called Strike 0-1: Swinging Strike 0-2: Ball 1-2: Ball 2-2: Ball 3-2: TRIPLE (Flyball, 9LD, EV 103.8 MPH)
|
|
Batting: RHB Jelexiz Cuenca
|
0-0: Ball 1-0: SINGLE (Groundball, 6, EV 98.1 MPH) Ed Thorpe Jr. scores
|
|
Batting: RHB Scott Skoglund
|
0-0: Ball 1-0: Reached on error, E5 (Groundball, 56S, EV 90.0 MPH) Jelexiz Cuenca to second
|
|
DELAY
|
Rain delay of 19 minutes in the 5th inning.
|
|
Batting: RHB John Gibbs
|
0-0: Called Strike 0-1: Ball Wild Pitch! Jelexiz Cuenca to third Scott Skoglund to second 1-1: Foul Ball, location: 2F 1-2: Ball 2-2: Strikes out swinging
|
|
Batting: RHB John Savard
|
0-0: DOUBLE (Line Drive, 9LM, EV 105.0 MPH) Jelexiz Cuenca scores Scott Skoglund scores
|
|
Batting: RHB Antonio Vallez
|
0-0: Ground out 4-3 (Groundball, 4, EV 100.6 MPH) John Savard to third
|
|
Batting: RHB Nick Moreno
|
0-0: Ground out 5-3 (Groundball, 56, EV 78.8 MPH)
|
| Bottom of the 5th over - 3 runs, 3 hits, 1 error, 1 left on base; Milwaukee (NYP) 4 - Auburn 3 |
| TOP OF THE 6TH |
|
Milwaukee (NYP) Brewers batting - Pitching for Auburn Doubledays : RHP Sam Wood
|
|
Batting: SHB Craig Wright
|
0-0: Called Strike 0-1: Swinging Strike 0-2: Strikes out swinging
|
|
Pitching: LHP Gregg Huddleston
|
|
|
Batting: RHB Wiliama Dana
|
0-0: Called Strike 0-1: Ball 1-1: Ball 2-1: Fly out, F4 (Flyball, 34D, EV 91.9 MPH)
|
|
Batting: SHB Aaron Neill
|
0-0: Hit by Pitch
|
|
Batting: LHB Tyler Francis
|
0-0: Foul Ball, location: 2F 0-1: Ball 1-1: Called Strike 1-2: Strikes out swinging
|
| Top of the 6th over - 0 runs, 0 hits, 0 errors, 1 left on base; Milwaukee (NYP) 4 - Auburn 3 |
| BOTTOM OF THE 6TH |
|
Auburn Doubledays batting - Pitching for Milwaukee (NYP) Brewers : RHP Jay Cowgill
|
|
Batting: RHB Lamar Thornton
|
0-0: Ball 1-0: Ground out U3 (Groundball, 3, EV 105.0 MPH)
|
|
Batting: RHB Jim Towle
|
0-0: Ball 1-0: Foul Ball, location: 2F 1-1: Called Strike 1-2: Foul Ball, location: 2F 1-2: Foul Ball, location: 2F 1-2: Strikes out swinging
|
|
Batting: SHB Ed Thorpe Jr.
|
0-0: Called Strike 0-1: Ball 1-1: Foul Ball, location: 2F 1-2: Foul Ball, location: 2F 1-2: Foul Ball, location: 2F 1-2: Ball 2-2: TRIPLE (Flyball, 9LD, EV 95.6 MPH)
|
|
Pitching: RHP Jeff Alanis
|
|
|
Batting: RHB Jelexiz Cuenca
|
0-0: Ball 1-0: Ball 2-0: Called Strike 2-1: Swinging Strike 2-2: Foul Ball, location: 2F 2-2: Ball 3-2: Foul Ball, location: 2F 3-2: TRIPLE (Flyball, 89XD, EV 100.0 MPH) Ed Thorpe Jr. scores
|
|
Pinch Hitting: LHB Chance McWilliams
|
0-0: Intentional Walk
|
|
Batting: RHB John Gibbs
|
0-0: Ball 1-0: Foul Ball, location: 2F 1-1: Swinging Strike 1-2: Ball 2-2: Ball 3-2: Foul Ball, location: 2F 3-2: Foul Ball, location: 2F 3-2: Foul Ball, location: 2F 3-2: Foul Ball, location: 2F 3-2: Ground out 6-3 (Groundball, 6, EV 91.2 MPH)
|
| Bottom of the 6th over - 1 run, 2 hits, 0 errors, 2 left on base; Milwaukee (NYP) 4 - Auburn 4 |
| TOP OF THE 7TH |
|
Milwaukee (NYP) Brewers batting - Pitching for Auburn Doubledays : LHP Gregg Huddleston
|
|
Now in LF: Chance McWilliams
|
|
|
Batting: SHB Justin Hensley
|
0-0: Foul Ball, location: 2F 0-1: Foul Ball, location: 2F 0-2: Ball 1-2: Ground out 5-3 (Groundball, 56, EV 90.0 MPH)
|
|
Batting: LHB Karel Hort
|
0-0: Ball 1-0: Foul Ball, location: 2F 1-1: Ball 2-1: Ball 3-1: Fly out, F7 (Flyball, 78M, EV 90.0 MPH)
|
|
Batting: LHB Greg Reedy
|
0-0: Ball 1-0: Foul Ball, location: 2F 1-1: Foul Ball, location: 2F 1-2: Strikes out swinging
|
| Top of the 7th over - 0 runs, 0 hits, 0 errors, 0 left on base; Milwaukee (NYP) 4 - Auburn 4 |
| BOTTOM OF THE 7TH |
|
Auburn Doubledays batting - Pitching for Milwaukee (NYP) Brewers : RHP Jeff Alanis
|
|
Batting: RHB John Savard
|
0-0: Called Strike 0-1: Swinging Strike 0-2: Ball 1-2: Ground out 6-3 (Groundball, 56, EV 83.1 MPH)
|
|
Batting: RHB Antonio Vallez
|
0-0: Ball 1-0: Swinging Strike 1-1: Foul Ball, location: 2F 1-2: Strikes out swinging
|
|
Batting: RHB Nick Moreno
|
0-0: Ball 1-0: Hit by Pitch
|
|
Batting: RHB Lamar Thornton
|
0-0: Ball 1-0: Foul Ball, location: 2F 1-1: Foul Ball, location: 2F 1-2: Ball 2-2: Foul Ball, location: 2F 2-2: Fly out, F6 (Line Drive, 6, EV 71.2 MPH)
|
| Bottom of the 7th over - 0 runs, 0 hits, 0 errors, 1 left on base; Milwaukee (NYP) 4 - Auburn 4 |
| TOP OF THE 8TH |
|
Milwaukee (NYP) Brewers batting - Pitching for Auburn Doubledays : LHP Gregg Huddleston
|
|
Batting: RHB Jose Cerritos
|
0-0: SINGLE (Line Drive, 9S, EV 92.5 MPH)
|
|
Batting: RHB Victor Alarcon
|
0-0: Called Strike Jose Cerritos steals 2nd, throwing error, E2 Jose Cerritos to third 0-1: DOUBLE (Groundball, 5L, EV 98.8 MPH) Jose Cerritos scores
|
|
Pitching: RHP Jordan Amaker
|
|
|
Batting: SHB Craig Wright
|
0-0: Ground out 2-3 (Groundball, 2R, EV 73.1 MPH) Victor Alarcon to third
|
|
Batting: RHB Wiliama Dana
|
0-0: Foul Ball, location: 2F 0-1: Fly out, F8 (Line Drive, 8RM, EV 98.1 MPH) Runner from 3rd tags up, SCORES, throw by CF
|
|
Batting: SHB Aaron Neill
|
0-0: Ball 1-0: Called Strike 1-1: Swinging Strike 1-2: Strikes out swinging
|
| Top of the 8th over - 2 runs, 2 hits, 1 error, 0 left on base; Milwaukee (NYP) 6 - Auburn 4 |
| BOTTOM OF THE 8TH |
|
Auburn Doubledays batting - Pitching for Milwaukee (NYP) Brewers : RHP Jeff Alanis
|
|
Now at 1B: Umar Matoub
|
|
|
Now at SS: Craig Wright
|
|
|
Now in LF: Victor Alarcon
|
|
|
Now in CF: Aaron Neill
|
|
|
Batting: RHB Jim Towle
|
0-0: Called Strike 0-1: Ball 1-1: Swinging Strike 1-2: Strikes out swinging
|
|
Batting: SHB Ed Thorpe Jr.
|
0-0: Ball 1-0: Foul Ball, location: 2F 1-1: Ball 2-1: Called Strike 2-2: Ball 3-2: Foul Ball, location: 2F 3-2: Base on Balls
|
|
Batting: RHB Jelexiz Cuenca
|
0-0: Swinging Strike 0-1: Grounds into double play, 5-4-3 (Groundball, 56, EV 103.1 MPH)
|
| Bottom of the 8th over - 0 runs, 0 hits, 0 errors, 0 left on base; Milwaukee (NYP) 6 - Auburn 4 |
| TOP OF THE 9TH |
|
Milwaukee (NYP) Brewers batting - Pitching for Auburn Doubledays : RHP Jordan Amaker
|
|
Batting: LHB Tyler Francis
|
0-0: Foul Ball, location: 2F 0-1: Foul Ball, location: 2F 0-2: Fly out, F7 (Flyball, 7S, EV 91.2 MPH)
|
|
Batting: SHB Justin Hensley
|
0-0: Called Strike 0-1: Ball 1-1: Called Strike 1-2: Ball 2-2: Ball 3-2: Foul Ball, location: 2F 3-2: Ground out U3 (Groundball, 3, EV 98.8 MPH)
|
|
Batting: LHB Karel Hort
|
0-0: Ball 1-0: SOLO HOME RUN (Flyball, 9D, EV 99.4 MPH), Distance : 394 ft
|
|
Batting: LHB Greg Reedy
|
0-0: Ball 1-0: Foul Ball, location: 2F 1-1: Swinging Strike 1-2: Ball 2-2: Strikes out swinging
|
| Top of the 9th over - 1 run, 1 hit, 0 errors, 0 left on base; Milwaukee (NYP) 7 - Auburn 4 |
| BOTTOM OF THE 9TH |
|
Auburn Doubledays batting - Pitching for Milwaukee (NYP) Brewers : RHP Jeff Alanis
|
|
Pitching: RHP Dan Patino
|
|
|
Now at 3B: Jonathan Sarles
|
|
|
Batting: LHB Chance McWilliams
|
0-0: Called Strike 0-1: Foul Ball, location: 2F 0-2: Ball 1-2: Fly out, F5 (Popup, 5SF, EV 74.4 MPH)
|
|
Pinch Hitting: LHB Bobby Adams
|
0-0: Ball 1-0: Called Strike 1-1: Ball 2-1: Foul Ball, location: 2F 2-2: Ball 3-2: Base on Balls
|
|
Batting: RHB John Savard
|
0-0: Fly out, F7 (Flyball, 78S, EV 86.9 MPH)
|
|
Batting: RHB Antonio Vallez
|
0-0: Called Strike 0-1: Swinging Strike 0-2: Foul Ball, location: 2F 0-2: DOUBLE (Groundball, 3L, EV 105.6 MPH) Bobby Adams to third
|
|
Batting: RHB Nick Moreno
|
0-0: Called Strike 0-1: Foul Ball, location: 2F 0-2: Foul Ball, location: 2F 0-2: Ball 1-2: Ball 2-2: Foul Ball, location: 2F 2-2: Strikes out swinging
|
| Bottom of the 9th over - 0 runs, 1 hit, 0 errors, 2 left on base; Milwaukee (NYP) 7 - Auburn 4 |
|